 Dungeon Crawl Stone Soup version 0.17-a0-913-g36eb389 (console) character file.

220 Fusha the Skirmisher (level 5, -3/55 HPs)
             Began as an Ogre Assassin on May 3, 2015.
             Was an Initiate of Ashenzari.
             Slain by hornqvist's ghost (5 damage)
             ... on level 4 of the Dungeon.
             The game lasted 00:12:18 (4244 turns).

Fusha the Skirmisher (Ogre Assassin)                Turns: 4244, Time: 00:12:19

Health: -3/55      AC:  4    Str: 16    XL:     5   Next: 97%
Magic:  5/5        EV:  8    Int: 10    God:    Ashenzari [......]
Gold:   194        SH:  0    Dex: 12    Spells: 0 memorised, 4 levels left

rFire  . . .     SeeInvis .     v - +1 dagger (venom)
rCold  . . .     Clarity  .     c - +0 robe
rNeg   . . .     SustAb   .     (no shield)
rPois  .         Gourm    .     (helmet restricted)
rElec  .         Spirit   .     d - +0 cloak
rCorr  .         Warding  .     (gloves unavailable)
rMut   .         Stasis   .     (boots unavailable)
MR     .....                    (no amulet)
Stlth  ++........               (no ring)
                                u - +3 ring of evasion

@: not resistant to hostile enchantments, unstealthy
A: unfitting armour, tough skin 1
a: Renounce Religion


You were on level 4 of the Dungeon.
You worshipped Ashenzari.
Ashenzari was noncommittal.
You were not hungry.

You visited 1 branch of the dungeon, and saw 4 of its levels.

You collected 194 gold pieces.

Inventory:

Hand weapons
 a - a +2 dagger
 b - a +0 blowgun
 l - a +0 club
 v - a +1 dagger of venom (weapon)
Missiles
 e - 7 poisoned needles
 f - 2 curare-tipped needles
 n - 2 tomahawks (quivered)
Armour
 c - a +0 robe (worn)
 d - a +0 cloak (worn)
Jewellery
 u - a +3 ring of evasion (left hand)
Scrolls
 h - a scroll of fear {unknown}
 i - a scroll of random uselessness {unknown}
 j - a scroll of teleportation {unknown}
 m - 4 scrolls of identify {unknown}
 o - 4 scrolls of recharging {unknown}
 p - a scroll of noise {unknown}
 r - 2 scrolls of fog {unknown}
 s - 3 scrolls of immolation {unknown}
 t - 4 scrolls of remove curse
 w - a scroll of amnesia {unknown}
Potions
 k - 3 potions of agility {unknown}
 q - a potion of lignification {unknown}
 x - a potion of poison {unknown}
 A - a potion of curing {unknown}
 B - a potion of magic {unknown}
Comestibles
 g - 3 bread rations
 z - a meat ration


   Skills:
 + Level 4.4 Fighting
 + Level 2.5 Maces & Flails
 * Level 4.2 Throwing
 + Level 1.8 Dodging
 + Level 3.8 Stealth


You had 4 spell levels left.
You didn't know any spells.

Dungeon Overview and Level Annotations

Branches:
Dungeon (4/15)
 Temple: D:4-7

Altars:
Ashenzari
Cheibriados

Annotations:
D:4 hornqvist's ghost, average FoFi


Innate Abilities, Weirdness & Mutations

You are too large for most types of armour.
You have tough skin (AC +1).


Message History

Hornqvist's ghost wails, "There is no future for me!"
There is an open door here.
There is an open door here.
There is an open door here.
A hobgoblin comes into view. It is wielding a club.
The hobgoblin shouts!
Hornqvist's ghost hits you!
* * * LOW HITPOINT WARNING * * *
Hornqvist's ghost says, "You can hit me, but you can't hurt me."
Hornqvist's ghost hits you.
* * * LOW HITPOINT WARNING * * *
Hornqvist's ghost shrieks, "Do you think the gods will protect you?"
Hornqvist's ghost says, "You can hit me, but you can't hurt me."
A hobgoblin opens the door.
Hornqvist's ghost hits you!
* * * LOW HITPOINT WARNING * * *
There is a stone staircase leading up here.
Hornqvist's ghost screams, "You will join me soon!"
Hornqvist's ghost hits you.
You die...

#.##..#...##.
#.....+...+..
###+##.....#...#..
#....#.##+##...#..
#....+.#.......#..
#....#'#.......'..
#..>...........##+
#.......#'##......
#@W.....#..#......
#.......'..'......
##+##...#..#......
#..##'##..###'###
#..........).....
#..##.##.#######.
#. #.##.# ###+ #
...... ....
........ #....


You could see hornqvist's ghost.

Vanquished Creatures
  A hound (D:4)
  An orc priest (D:4)
  7 adders
  A giant gecko (D:2)
  8 orcs
  2 bats
  5 giant cockroaches
  8 goblins
  16 hobgoblins
  15 jackals
  4 kobolds
  4 quokkas
  5 giant newts
  9 rats
86 creatures vanquished.

Notes
Turn   | Place    | Note
--------------------------------------------------------------
     0 | D:1      | Fusha, the Ogre Assassin, began the quest for the Orb.
     0 | D:1      | Reached XP level 1. HP: 22/22 MP: 1/1
     0 | D:1      | Noticed a centaur zombie
     1 | D:1      | Noticed a minotaur zombie
     1 | D:1      | Noticed a centaur zombie
     5 | D:1      | Noticed a draconian zombie
     8 | D:1      | Noticed an octopode zombie
    10 | D:1      | Noticed a spriggan zombie
    12 | D:1      | Noticed a formicid zombie
    12 | D:1      | Noticed a minotaur zombie
    16 | D:1      | Noticed a troll zombie
    18 | D:1      | Noticed a draconian zombie
    18 | D:1      | Noticed an octopode zombie
    59 | D:1      | Reached skill level 1 in Dodging
   254 | D:1      | Reached XP level 2. HP: 18/29 MP: 2/2
  1127 | D:2      | Found a shattered altar of Ashenzari.
  1132 | D:2      | Became a worshipper of Ashenzari the Shackled
  1287 | D:2      | Reached XP level 3. HP: 32/37 MP: 3/3
  1297 | D:2      | Reached skill level 1 in Maces & Flails
  1782 | D:2      | Reached XP level 4. HP: 24/48 MP: 4/4
  2404 | D:2      | Reached skill level 4 in Fighting
  3196 | D:3      | Reached XP level 5. HP: 54/54 MP: 5/5
  3354 | D:3      | Found a snail-covered altar of Cheibriados.
  4154 | D:4      | Noticed hornqvist's ghost (average FoFi)
  4242 | D:4      | HP: 2/55 [hornqvist's ghost (9)]
  4244 | D:4      | Slain by hornqvist's ghost

Action                   |  1- 3 |  4- 6 || total
-------------------------+-------+-------++-------
Melee: Dagger            |    72 |   217 ||   289
       Club              |    97 |       ||    97
 Fire: Blowgun           |     8 |       ||     8
Throw: Tomahawk          |     7 |     2 ||     9
 Stab: Sleeping          |     3 |     1 ||     4
  Eat: Meat ration       |     1 |     1 ||     2
       Pizza             |       |     1 ||     1
